 Dungeon Crawl Stone Soup version 0.31.0-11-ge490571c62 (webtiles) character file.

Game seed: 3826899685419670276

5037 Bobbunny the Grappler (level 10, -4/85 HPs)
             Began as a Merfolk Shapeshifter on Jan 27, 2024.
             Was a Believer of Okawaru.
             Slain by a four-headed hydra (13 damage)
             ... on level 8 of the Dungeon.
             The game lasted 00:11:06 (9254 turns).

Bobbunny the Grappler (Merfolk Shapeshifter)        Turns: 9254, Time: 00:11:07

Health: -4/85      AC:  0    Str: 19    XL:     10   Next: 55%
Magic:  0/10       EV: 21    Int: 10    God:    Okawaru [**....]
Gold:   19         SH:  0    Dex: 13    Spells: 9/9 levels left

rFire   . .          .
                       - Unarmed
rCold   . . .        B - melded +0 buckler
rNeg    . . .        u - melded +0 chain mail
rPois   +            (no helmet)
rElec   .            (no cloak)
rCorr   .            (no gloves)
SInv    .            (no boots)
Will    .....        s - amulet of guardian spirit
Stlth   +            t - +5 ring of evasion
HPRegen 0.34/turn    H - ring of poison resistance
MPRegen 0.12/turn

%: guardian spirit
@: flux-form, glowing
A: glow, contaminating, (nimble swimmer 2), mertail
a: Begin Untransformation, Renounce Religion, Heroism


You were on level 8 of the Dungeon.
You worshipped Okawaru.
Okawaru was pleased with you.
You were something dangerously unstable.
You visited 2 branches of the dungeon, and saw 10 of its levels.
You also visited: Sewer.

You collected 588 gold pieces.
You spent 569 gold pieces at shops.

Inventory:

Missiles
 f - 39 poisoned darts
 o - 7 boomerangs (quivered)
 v - 13 curare-tipped darts
Armour
 u - a +0 chain mail (melded)
 B - a +0 buckler (melded)
Jewellery
 s - an amulet of guardian spirit (around neck)
 t - a +5 ring of evasion (left hand)
 H - a ring of poison resistance (right hand)
Talismans
 c - a beast talisman
 d - a flux talisman (active)
Wands
 x - a wand of mindburst (16)
 J - a wand of flame (4)
 K - a wand of roots (35)
 L - a wand of polymorph (5)
Scrolls
 a - a scroll of silence
 g - 2 scrolls of fog
 i - 3 scrolls of blinking
 n - a scroll of teleportation
 p - a scroll of immolation
 y - a scroll of vulnerability
 A - a scroll of torment
 C - a scroll of enchant armour
 N - a scroll of noise
 P - a scroll of poison
Potions
 b - 4 potions of lignification
 e - a potion of resistance {unknown}
 h - 2 potions of invisibility {unknown}
 j - 9 potions of curing
 k - 2 potions of enlightenment
 l - a potion of might {unknown}
 m - 2 potions of heal wounds
 q - a potion of ambrosia {unknown}
 r - a potion of magic
 w - 3 potions of degeneration {unknown}
 z - 2 potions of haste {unknown}
 D - a potion of brilliance {unknown}
 E - a potion of attraction {unknown}
 F - a potion of experience {unknown}


   Skills:
 + Level 10.0 Fighting
 + Level 5.0 Throwing
 - Level 2.6 Dodging
 - Level 3.0 Stealth
 - Level 3.0 Shields
 + Level 10.5 Unarmed Combat
 - Level 7.0 Shapeshifting


You had 9 spell levels left.
You didn't know any spells.
Your spell library contained the following spells:

 Spells                   Type           Power      Damage    Failure   Level
 Apportation              Tloc           0%         N/A       36%         1
 Sandblast                Erth           0%         2d4       36%         1
 Sting                    Conj/Alch      0%         1d3       36%         1
 Jinxbite                 Hex            0%         N/A       50%         2
 Mercury Vapours          Alch/Air       0%         N/A       50%         2
 Scorch                   Fire           0%         2d5       50%         2
 Passwall                 Erth           0%         N/A       75%         3
 Stone Arrow              Conj/Erth      0%         3d7       75%         3
 Volatile Blastmotes      Fire/Tloc      0%         2d10      75%         3
 Anguish                  Hex/Necr       0%         N/A       98%         4
 Brom's Barrelling Bould  Conj/Erth      0%         2d3       98%         4
 Flame Wave               Conj/Fire      0%         2d4       98%         4
 Olgreb's Toxic Radiance  Alch           0%         N/A       98%         4
 Alistair's Intoxication  Alch           0%         N/A       100%        5
 Borgnjor's Vile Clutch   Necr/Erth      0%         N/A       100%        5
 Animate Dead             Necr           Unusable   N/A       N/A         4
 Summon Blazeheart Golem  Fire/Summ      Unusable   N/A       N/A         4
 Summon Cactus Giant      Summ           Unusable   N/A       N/A         6

Dungeon Overview and Level Annotations

Branches:
Dungeon (9/15)             Temple (1/1) D:7           Sewer (visited)
   Lair: D:8-11         Orc: D:9-12

Altars:
Ashenzari
Cheibriados
Dithmenos
Elyvilon
Fedhas
Gozag
Hepliaklqana
Kikubaaqudgha
Makhleb
Nemelex Xobeh
Okawaru
Qazlal
Ru
Sif Muna
Uskayaw
Vehumet
Wu Jian
Xom
Yredelemnul
Zin

Shops:
D:1 !   D:2 (   D:7 ?   D:8 *


Innate Abilities, Weirdness & Mutations

You are something dangerously unstable.
You glow with magical radiation, making you easy to see and hit.
Foes you strike become dangerously contaminated with magical radiation.
You are incapable of wielding weapons or throwing items.
((You are very nimble when in or above water. (Stealth+, EV+, Speed+++)))
Your lower body shifts to a powerful aquatic tail in water.


Message History

You completely miss the two-headed ogre.
The two-headed ogre misses you. The two-headed ogre barely misses you.
You hit the two-headed ogre.
The two-headed ogre begins to glow.
The two-headed ogre is lightly wounded.
You hit the two-headed ogre but do no damage.
The two-headed ogre glows dangerously bright.
The two-headed ogre is lightly wounded.
The two-headed ogre completely misses you.
The two-headed ogre closely misses you.
You hit the two-headed ogre.
The two-headed ogre shudders as magic cascades through it!
The two-headed ogre twists and deforms.
The two-headed ogre is heavily wounded.
The four-headed hydra seems to regain its courage.
The two-headed ogre completely misses you.
The two-headed ogre hits you with a +0 giant club!!
* * * LOW HITPOINT WARNING * * *
You punch the two-headed ogre!
The two-headed ogre begins to glow.
The two-headed ogre is severely wounded.
You hit the two-headed ogre but do no damage.
The two-headed ogre glows dangerously bright.
The two-headed ogre is severely wounded.
The two-headed ogre closely misses you.
The two-headed ogre completely misses you.
You hit the two-headed ogre.
The two-headed ogre shudders as magic cascades through it!
The two-headed ogre twists and deforms.
The two-headed ogre is almost dead.
You completely miss the two-headed ogre.
The two-headed ogre is almost dead.
The two-headed ogre completely misses you. x2
You barely miss the two-headed ogre.
The two-headed ogre is almost dead.
You hit the two-headed ogre.
The two-headed ogre begins to glow.
The two-headed ogre is almost dead.
The four-headed hydra closely misses you.
The four-headed hydra bites you!
* * * LOW HITPOINT WARNING * * *
The four-headed hydra bites you!
You die...

#.######.# #.#
#.#......# #.#
#.#.###..#### #.#
##.#...#.....# #.#
.......#.###.###.#
#####............#
#......#...####
####..........####
...............Op#
###########.####D#
..# #####.# #.#
#'#####.....# #.#
.....##.##### #.#
.....)..# #.#
...P.P..# ##.#
...._...# ##..#
...P.P..# ####..##


You could see a four-headed hydra and a two-headed ogre (contam, misshapen).

Vanquished Creatures
  A kobold demonologist (D:9)
  A shadow (D:9)
  A wraith (D:6)
  3 wyverns
  2 steam dragons
  Edmund (D:6)
  3 orc warriors
  An ice beast (D:7)
  A sky beast (D:8)
  4 black bears
  4 centaurs
  2 phantoms (D:6)
  12 kobold brigands
  2 scorpions
  2 bullfrogs (D:8)
  5 wights (D:8)
  A howler monkey (D:4)
  A bombardier beetle (D:3)
  4 jellies
  7 orc priests
  3 hounds
  Ijyb (D:3)
  A sleepcap (D:6)
  3 iguanas (D:6)
  6 orc wizards
  2 hound zombies (D:4)
  14 adders
  2 river rats (Sewer)
  2 white imps (D:7)
  3 dart slugs
  7 ribbon worms
  30 orcs
  17 endoplasms
  6 giant cockroaches
  11 goblins
  9 hobgoblins
  8 jackals (D:3)
  18 kobolds
  4 quokkas
  3 ball pythons
  6 bats
  4 frilled lizards
  9 rats
227 creatures vanquished.

Notes
Turn   | Place    | Note
-------+----------+-------------------------------------------
     0 | D:1      | Bobbunny the Merfolk Shapeshifter began the quest for the
                  | Orb.
     0 | D:1      | Reached XP level 1. HP: 15/15 MP: 1/1
   145 | D:1      | Reached XP level 2. HP: 21/21 MP: 2/2
   313 | D:1      | Found a faded altar of an unknown god.
   382 | D:1      | Found Rilluc's Distillery.
   387 | D:1      | Bought a potion of curing for 36 gold pieces
   387 | D:1      | Bought a potion of heal wounds for 60 gold pieces
   626 | D:2      | Reached XP level 3. HP: 24/27 MP: 3/3
   808 | D:2      | Found Vetostrur's Antique Weapon Emporium.
  1254 | D:2      | Reached XP level 4. HP: 34/34 MP: 4/4
  1526 | D:3      | Reached skill level 5 in Shapeshifting
  1555 | D:3      | Reached XP level 5. HP: 41/41 MP: 5/5
  1564 | D:3      | Noticed a kobold brigand
  1580 | D:3      | Killed a kobold brigand
  1704 | D:3      | Noticed Ijyb
  1717 | D:3      | Killed Ijyb
  1793 | D:3      | Reached XP level 6. HP: 46/48 MP: 6/6
  1956 | D:3      | Reached skill level 5 in Unarmed Combat
  2106 | D:3      | Found a shadowy altar of Dithmenos.
  2138 | D:3      | Got the Anthology of Scorching Bones
  2622 | D:4      | You fall into a shaft and drop 3 floors!
  2679 | D:7      | Reached XP level 7. HP: 34/55 MP: 5/7
  2767 | D:6      | Noticed Edmund
  2902 | D:5      | Entered Level 5 of the Dungeon
  2972 | D:5      | Reached skill level 1 in Shields
  3258 | D:5      | Found a glowing drain.
  3275 | Sewer    | Entered a sewer
  3309 | Sewer    | Reached skill level 5 in Fighting
  3351 | Sewer    | Reached XP level 8. HP: 28/62 MP: 6/8
  4150 | D:5      | Found a broken altar of Ashenzari.
  4871 | D:4      | Found a basalt altar of Yredelemnul.
  5312 | D:6      | Noticed a wraith
  5336 | D:6      | Killed a wraith
  5337 | D:6      | Reached XP level 9. HP: 39/72 MP: 2/9
  5588 | D:6      | Killed Edmund
  5985 | D:6      | Reached skill level 1 in Stealth
  6032 | D:7      | Reached skill level 1 in Throwing
  6367 | D:7      | Found a staircase to the Ecumenical Temple.
  6424 | D:7      | Found a hide-covered altar of Uskayaw.
  6470 | Temple   | Entered the Ecumenical Temple
  6479 | Temple   | Became a worshipper of Warmaster Okawaru
  6730 | D:7      | Found Joris's Magic Scroll Emporium.
  6734 | D:7      | Bought a scroll of blinking for 112 gold pieces
  6734 | D:7      | Bought a scroll of noise for 15 gold pieces
  6734 | D:7      | Bought a scroll of fear for 60 gold pieces
  6734 | D:7      | Bought a scroll of poison for 60 gold pieces
  6734 | D:7      | Bought a scroll of identify for 30 gold pieces
  6903 | D:8      | Found a transporter.
  6903 | D:8      | Found a transporter.
  7270 | D:8      | Noticed Maurice
  7286 | D:8      | Reached * piety under Okawaru
  7287 | D:8      | Reached XP level 10. HP: 30/83 MP: 3/10
  7532 | D:8      | Found a blossoming altar of Fedhas.
  7641 | D:8      | Found Kyud's Assorted Antiques.
  7655 | D:8      | Reached skill level 10 in Unarmed Combat
  8114 | D:8      | Something stole a beast talisman
  8115 | D:8      | Something stole 194 gold
  8288 | D:8      | Maurice changed into Maurice the wyvern
  8288 | D:8      | Noticed Maurice
  8295 | D:8      | Killed Maurice the wyvern
  8368 | D:8      | Bought a scroll labelled BOTZYHEYQE for 28 gold pieces
  8368 | D:8      | Bought a scroll labelled VAELID ADECULL for 28 gold pieces
  8368 | D:8      | Bought a scroll labelled ZIUXKI YG OLON for 28 gold pieces
  8368 | D:8      | Bought a scroll of identify for 56 gold pieces
  8368 | D:8      | Bought a scroll of identify for 56 gold pieces
  8596 | D:9      | Reached ** piety under Okawaru
  8830 | D:9      | Found a burning altar of Makhleb.
  8952 | D:9      | Noticed a kobold demonologist
  8964 | D:9      | Killed a kobold demonologist
  8989 | D:9      | Reached skill level 10 in Fighting
  8989 | D:9      | Reached skill level 5 in Throwing
  9186 | D:9      | Noticed a two-headed ogre
  9186 | D:9      | Noticed a deep elf pyromancer
  9186 | D:9      | Noticed an orc knight
  9186 | D:9      | Noticed a four-headed hydra
  9254 | D:8      | Slain by a four-headed hydra

Illustrated notes

Levels and vault maps discovered:
D:1:      sevenhm_arrival_forest_fort_large_4, layout_loops_ring, serial_shops,
          shop, shapermc_ecumenical_altar_mp_ritualfount, chequers_garden,
          roderic_serpentine_path
D:2:      layout_loops_ring, serial_shops, shop_fountains, nicolae_hexahallways,
          minmay_quadrilaterals
D:3:      cheibrodos_thug_alley, layout_rooms, amcnicky_altar_gilded,
          serial_glass, glass_columns_c, glass_columns_c, glass_columns_a,
          glass_columns_b, glass_columns_b, glass_columns_a, feat_on_display,
          item_on_display_a, minmay_statues_item, uniq_ijyb
D:4:      layout_loops_ring, lemuel_zombie_altar_yredelemnul
D:5:      layout_cave_pods, mainiacjoe_overflow_tiny_flanked,
          cheibrodos_sewer_entry_sluice, dk_vineyard_3,
          hangedman_minor_gate_pass
D:6:      layout_basic, uniq_edmund
D:7:      layout_loops_ring, lemuel_round_altar,
          minmay_temple_entry_antechambers, enter_bailey_5, serial_shops,
          nicolae_shop_back_alley_shop
D:8:      layout_basic, fedhas_altar_1, serial_shops,
          nicolae_shop_tiny_real_fake_doors, nicolae_diode_stairs, uniq_maurice
D:9:      layout_basic, lemuel_round_altar, trog_butcher_becter,
          nicolae_rejected_hall
Temple:   eino_temple_lava

Skill      XL: |  1  2  3  4  5  6  7  8  9 10 |
---------------+-------------------------------+-----
Fighting       | 2 3 4 5 7 9 10 | 10.0
Unarmed Combat | 4 5 6 8 9 10 | 10.5
Shapeshifting  | 5 6 7 |  7.0
Shields        | 2 3 |  3.0
Stealth        | 3 |  3.0
Throwing       | 3 5 |  5.0
Dodging        | |  2.6

Action                     |  1- 3 |  4- 6 |  7- 9 | 10-12 || total
---------------------------+-------+-------+-------+-------++-------
  Melee: Unarmed           |   108 |   192 |   407 |   111 ||   818
         Punch             |     1 |     6 |       |       ||     7
         Tailslap          |       |       |    15 |       ||    15
  Throw: Dart              |       |     2 |     9 |     3 ||    14
         Boomerang         |       |       |     2 |     6 ||     8
  Evoke: Wand              |       |       |     1 |     7 ||     8
    Use: Scroll            |       |       |     8 |     6 ||    14
         Potion            |       |       |     1 |     2 ||     3
 Armour: Ring mail         |    40 |       |       |       ||    40
         Chain mail        |     3 |   102 |   207 |    79 ||   391
         Skin              |       |       |       |     7 ||     7
  Dodge: Dodged            |    54 |   166 |   198 |    66 ||   484
  Block: Buckler           |       |       |    65 |    28 ||    93
   Form: Flux              |       |       |       |     1 ||     1
